AoeStats
← HermanSeGerman

Arena

508502175Analyzed
3v3 RM · 10d ago on Sep 22, 2026· 46m 5s· 6 players
Game mode
Random Map
Map size
Normal (6 player)
Population
200
Speed
Normal
Resources
Standard
Victory
Conquest
Starting age
Dark Age
Ending age
Imperial Age
RankedLock teamsTeams togetherTeam positionsShared explorationLock speedFull tech treeHidden civsTurbo modeCheats
Victory
Defeat
🇩🇪 Ethiopians · Germany
1317
+14
🇩🇪 Lithuanians · Germany
1298
+15
🇩🇪 Goths · Germany
1275
+16
🇧🇪 Danes · Belgium
1299
-16
🇧🇪 Franks · Belgium
1291
-16
🇧🇪 Poles · Belgium
1227
-13
Giovanni delle Bande Nere
10:18 Feudal Age
14:06 Castle Age
12:26 Double-Bit Axe
12:21 Horse Collar
22:39 Wheelbarrow
23:05 Wheelbarrow
22:53 Town Watch
23:35 Stone Mining
23:35 Gold Mining
28:57 Imperial Age
29:16 Imperial Age
27:04 Hand Cart
27:52 Gold Shaft Mining
27:32 Bow Saw
27:22 Heavy Plow
27:30 Scale Mail Armor
27:41 Forging
27:58 Squires
28:04 Loom
28:55 Heavy Plow
29:26 Chain Mail Armor
29:47 Iron Casting
29:29 Onager
31:14 Plate Mail Armor
31:40 Heavy Plow
32:22 Hoardings
32:31 Masonry
32:43 Conscription
32:43 Elite Varangian Guard
33:16 Northmen's Fury
38:49 Siege Engineers
39:07 Capped Ram
40:59 Iron Casting
41:10 Siege Ram
43:13 Blast Furnace
43:29 Arson
46:52 Chemistry
Léo
5:25 Loom
10:54 Feudal Age
14:51 Castle Age
13:07 Double-Bit Axe
13:45 Horse Collar
15:49 Bow Saw
24:27 Forging
27:59 Bloodlines
31:32 Imperial Age
29:15 Scale Barding Armor
29:59 Iron Casting
29:29 Husbandry
30:29 Gold Mining
30:29 Stone Mining
31:05 Szlachta Privileges
31:35 Cavalier
32:42 Conscription
32:54 Devotion
34:06 Chain Barding Armor
34:47 Blast Furnace
39:55 Wheelbarrow
39:06 Town Watch
Shrek Truelle
9:13 Loom
11:36 Feudal Age
13:21 Loom
17:00 Castle Age
15:30 Double-Bit Axe
16:23 Loom
18:35 Fletching
19:00 Forging
18:53 Scale Mail Armor
19:28 Bow Saw
24:26 Iron Casting
30:18 Stone Mining
35:33 Imperial Age
40:13 Blast Furnace
40:42 Wheelbarrow
_PACC_
10:27 Feudal Age
15:25 Castle Age
13:14 Double-Bit Axe
13:27 Horse Collar
16:57 Bow Saw
17:23 Heavy Plow
22:12 Town Watch
22:13 Loom
25:29 Bloodlines
25:20 Husbandry
28:55 Scale Barding Armor
29:01 Forging
33:01 Imperial Age
31:34 Chain Barding Armor
32:30 Wheelbarrow
31:55 Town Patrol
32:19 Gold Mining
32:19 Stone Mining
33:45 Iron Casting
34:10 Conscription
33:30 Cavalier
37:31 Fletching
40:47 Paladin
40:56 Light Cavalry
danglefeet
10:19 Feudal Age
11:15 Double-Bit Axe
11:10 Horse Collar
11:33 Loom
14:33 Castle Age
12:44 Horse Collar
15:39 Bow Saw
18:45 Fletching
19:16 Crossbowman
22:12 Wheelbarrow
23:00 Scale Mail Armor
24:11 Gold Mining
27:54 Imperial Age
25:52 Bodkin Arrow
28:12 Padded Archer Armor
28:00 Arbalester
28:46 Bracer
30:11 Chemistry
30:30 Ballistics
30:13 Padded Archer Armor
32:51 Leather Archer Armor
35:01 Ring Archer Armor
36:36 Thumb Ring
38:07 Siege Engineers
38:26 Torsion Engines
39:34 Conscription
43:11 Scale Mail Armor
42:32 Elite Shotel Warrior
44:21 Chain Mail Armor
44:17 Forging
HermanSeGerman
13:11 Feudal Age
17:54 Castle Age
19:12 Double-Bit Axe
19:15 Horse Collar
21:45 Bow Saw
23:28 Heavy Plow
24:19 Gold Mining
28:26 Forging
28:17 Scale Mail Armor
29:23 Wheelbarrow
28:34 Loom
29:13 Squires
33:14 Imperial Age
30:45 Pikeman
32:17 Chain Mail Armor
32:38 Iron Casting
32:12 Anarchy
34:55 Chemistry
35:29 Perfusion
35:50 Conscription
35:25 Halberdier
44:52 Elite Huskarl
Connection lost

Rejoining the realm…

Still unreachable

The connection could not be restored.

Session expired

The server has moved on; the page needs a fresh start.